 Dungeon Sprint DCSS version 0.23.0-2-g0fe3ce5 (webtiles) character file.

Game seed: 17520794606116830906

78000000 Fang the Conqueror (level 27, 323/323 HPs)
             Began as a Demonspawn Gladiator on Feb 18, 2019.
             Was the Champion of Makhleb.
             Escaped with the Orb!
             The game lasted 00:06:06 (390 turns).

Fang the Conqueror (Demonspawn Gladiator)            Turns: 390, Time: 00:06:07

Health: 323/323    AC:  6    Str: 26    XL:     27
Magic:  54/54      EV: 32    Int: 10    God:    Makhleb [******]
Gold:   0          SH:  0    Dex: 16    Spells: 80/80 levels left

rFire    + . .     SeeInvis +   l - +∞ Axe of Woe
rCold    . . .     Gourm    .   (shield currently unavailable)
rNeg     . . .     Faith    .   b - +0 leather armour
rPois    .         Spirit   .   (helmet unavailable)
rElec    .         Reflect  .   (no cloak)
rCorr    .         Harm     .   (gloves unavailable)
MR       ++...     NoTele   +   (boots unavailable)
Stlth    ++++......             (no amulet)
HPRegen  10.63/turn             m - +27000 ring of slaying
MPRegen  0.34/turn              n - ring of protection from fire

@: no status effects
A: antennae 3, claws 3, talons 3, nightstalker 3, powered by death 3, robust 3
0: Orb of Zot
a: Minor Destruction, Lesser Servant of Makhleb, Major Destruction, Greater
Servant of Makhleb, Renounce Religion


You escaped.
You worshipped Makhleb.
Makhleb was exalted by your worship.
You were not hungry.

You visited 1 branch

Inventory:

Hand Weapons
 a - a +0 war axe
 l - the +∞ Axe of Woe (weapon)
   (You found it in the Dungeon)
Missiles
 d - 3 throwing nets (quivered)
Armour
 b - a +0 leather armour (worn)
 c - a +0 helmet
Jewellery
 m - a +27000 ring of slaying (left claw)
 n - a ring of protection from fire (right claw)
Scrolls
 k - a scroll of blinking
Potions
 e - a potion of curing
 h - a potion of haste
 i - 2 potions of magic
 j - a potion of berserk rage
Comestibles
 f - a ration
 g - 16 chunks of flesh


   Skills:
 O Level 27 Fighting
   Level 23.6(26.9) Short Blades
   Level 23.5(26.9) Long Blades
 O Level 27 Axes
   Level 23.6(27) Maces & Flails
   Level 23.5(27) Polearms
   Level 23.6(27) Staves
   Level 23.7(27) Slings
   Level 23.5 Bows
   Level 23.6 Crossbows
 O Level 27 Throwing
 O Level 27 Armour
 O Level 27 Dodging
 O Level 27 Stealth
   Level 23.6 Shields
 O Level 27 Unarmed Combat
 O Level 27 Spellcasting
   Level 25.2 Conjurations
   Level 25.3 Hexes
   Level 23.5 Charms
   Level 25.2 Summonings
   Level 26.9 Necromancy
   Level 23.6 Translocations
   Level 23.5 Transmutations
   Level 23.7 Fire Magic
   Level 23.6 Ice Magic
   Level 23.5 Air Magic
   Level 23.5 Earth Magic
   Level 25.2 Poison Magic
 O Level 27 Invocations
   Level 25.4 Evocations


You had 80 spell levels left.
You didn't know any spells.
Your spell library was empty.

Dungeon Overview and Level Annotations

Branches:
Dungeon (1/1)

Altars:
Makhleb


Innate Abilities, Weirdness & Mutations

You have a pair of large antennae on your head. (SInv)
You have claws for hands.
You have claws for feet.
You are completely attuned to the shadows.
You regenerate a lot of health from kills.
You are extremely robust. (+30% HP)


Message History

You are struck by the Hell Sentinel's spines.
You cut the Hell Sentinel into ribbons!!!!!!!!!!!
You hew the Hell Sentinel savagely.
You kill the Hell Sentinel!
Makhleb accepts your kill.
You feel better.
You hear a shout! x4
You cut the bag of meat into ribbons!!!!!!!!!!!
You chop the bag of meat into pieces.
You kill the bag of meat!
Makhleb accepts your kill.
You hear a shout! x6
No target in view!
No target in view!
You hear a shout! x8
There is a staircase leading out of the dungeon, spattered with blood here.
Things that are here:
a +9 war axe; a +30 ring of slaying You hear a shout! x6
You have escaped!

............... ..
..#.............. ...
...#........#.......#
)).)).#.....#.......# .
)))#)....)###.... ..###..
).))).{))).)...###......
.....{.#)))))..._.......
.....#....)))#..)..#
###..)..)))))#_)@._# ..
#....#.))))..#.....#....
......)#.))....)_)).....
.........)...).###......
..........###)......###..
............#.).....# .
...........)#.).....#
...#.......)){.......
..#.#.#....)))........


There were no monsters in sight!

Vanquished Creatures
  104 orcs (D)
  A Brimstone Fiend (D)
  A Hell Sentinel (D)
  2 Orb Guardians (D)
  A reaper (D)
  A green death (D)
  A blizzard demon (D)
  A smoke demon (D)
  A chaos spawn (D)
  4 ball lightnings (D)
  Dispater (D)
  3 vampire knights (D)
  18 ogres (D)
  3 two-headed ogres (D)
142 creatures vanquished.

Vanquished Creatures (others)
  3 ball lightnings (D)
3 creatures vanquished.

Grand Total: 145 creatures vanquished

Notes
Turn   | Place    | Note
-------+----------+-------------------------------------------
     0 | D        | Found the +∞ Axe of Woe
     0 | D        | Fang the Demonspawn Gladiator began the quest for the Orb.
     0 | D        | Reached XP level 1. HP: 16/16 MP: 1/1
     4 | D        | Became a worshipper of Makhleb the Destroyer
     5 | D        | Noticed a bag of meat
     7 | D        | Noticed a bag of meat
     8 | D        | Noticed a bag of meat
     9 | D        | Noticed a bag of meat
     9 | D        | Noticed a bag of meat
    11 | D        | Killed a bag of meat
    11 | D        | Gained mutation: You have a pair of small antennae on your
                  | head. [demonic ancestry]
    11 | D        | Reached XP level 2. HP: 43/43 MP: 2/2
    11 | D        | Gained mutation: You regenerate a little health from kills.
                  | [demonic ancestry]
    11 | D        | Reached XP level 3. HP: 49/49 MP: 3/3
    11 | D        | Reached XP level 4. HP: 56/56 MP: 4/4
    11 | D        | Gained mutation: You have sharp fingernails. [demonic
                  | ancestry]
    11 | D        | Reached XP level 5. HP: 62/62 MP: 5/5
    11 | D        | Gained mutation: You have very sharp fingernails. [demonic
                  | ancestry]
    11 | D        | Reached XP level 6. HP: 69/69 MP: 6/6
    11 | D        | Gained mutation: You have claws for hands. [demonic
                  | ancestry]
    11 | D        | Reached XP level 7. HP: 75/75 MP: 7/7
    11 | D        | Reached XP level 8. HP: 82/82 MP: 8/8
    11 | D        | Reached XP level 9. HP: 88/88 MP: 9/9
    11 | D        | Reached XP level 10. HP: 95/95 MP: 10/10
    11 | D        | Gained mutation: You are slightly more attuned to the
                  | shadows. [demonic ancestry]
    11 | D        | Reached XP level 11. HP: 101/101 MP: 11/11
    12 | D        | Killed a bag of meat
    12 | D        | Reached * piety under Makhleb
    12 | D        | Reached skill level 15 in Axes
    12 | D        | Reached skill level 15 in Throwing
    12 | D        | Reached skill level 15 in Dodging
    12 | D        | Gained mutation: You have sharp toenails. [demonic
                  | ancestry]
    12 | D        | Reached XP level 12. HP: 113/113 MP: 12/12
    13 | D        | Killed a bag of meat
    13 | D        | Gained mutation: You have razor-sharp toenails. [demonic
                  | ancestry]
    13 | D        | Reached XP level 13. HP: 122/122 MP: 13/13
    14 | D        | Killed a bag of meat
    14 | D        | Reached XP level 14. HP: 133/133 MP: 14/14
    15 | D        | Killed a bag of meat
    15 | D        | Reached ** piety under Makhleb
    16 | D        | Noticed a bag of meat
    18 | D        | Noticed a bag of meat
    21 | D        | Killed a bag of meat
    21 | D        | Gained mutation: You regenerate health from kills. [demonic
                  | ancestry]
    21 | D        | Reached XP level 15. HP: 144/144 MP: 15/15
    23 | D        | Noticed a meat berserker
    26 | D        | Killed a meat berserker
    31 | D        | Noticed a meat berserker
    32 | D        | Noticed a meat berserker
    33 | D        | Noticed a meat berserker
    34 | D        | Reached *** piety under Makhleb
    34 | D        | Reached XP level 16. HP: 139/157 MP: 16/16
    35 | D        | Killed a meat berserker
    35 | D        | Gained mutation: You have a pair of antennae on your head.
                  | [demonic ancestry]
    35 | D        | Reached XP level 17. HP: 169/169 MP: 17/17
    35 | D        | Reached **** piety under Makhleb
    36 | D        | Killed a meat berserker
    36 | D        | Reached skill level 27 in Fighting
    36 | D        | Gained mutation: You regenerate a lot of health from kills.
                  | [demonic ancestry]
    36 | D        | Reached XP level 18. HP: 182/182 MP: 18/18
    37 | D        | Noticed a meat berserker
    38 | D        | Killed a meat berserker
    38 | D        | Reached skill level 27 in Throwing
    40 | D        | Reached skill level 27 in Axes
    40 | D        | Reached skill level 27 in Dodging
    40 | D        | Reached skill level 10 in Armour
    40 | D        | Reached skill level 10 in Unarmed Combat
    40 | D        | Reached skill level 10 in Spellcasting
    40 | D        | Gained mutation: You are significantly more attuned to the
                  | shadows. [demonic ancestry]
    40 | D        | Reached XP level 19. HP: 189/189 MP: 18/33
    41 | D        | Reached ***** piety under Makhleb
    41 | D        | Reached skill level 15 in Stealth
    43 | D        | Killed a meat berserker
    44 | D        | Gained mutation: You have claws for feet. [demonic
                  | ancestry]
    44 | D        | Reached XP level 20. HP: 187/197 MP: 19/41
    46 | D        | Reached ****** piety under Makhleb
    47 | D        | Reached skill level 27 in Invocations
    47 | D        | Reached XP level 21. HP: 204/204 MP: 19/45
    52 | D        | Noticed a destroyer
    57 | D        | Killed a destroyer
    60 | D        | Gained mutation: You have a pair of large antennae on your
                  | head. (SInv) [demonic ancestry]
    60 | D        | Reached XP level 22. HP: 212/212 MP: 23/50
    61 | D        | Reached skill level 27 in Stealth
    63 | D        | Noticed a large bag of meat
    64 | D        | Reached skill level 27 in Armour
    64 | D        | Reached skill level 27 in Unarmed Combat
    64 | D        | Reached skill level 27 in Spellcasting
    66 | D        | Killed a large bag of meat
    66 | D        | Gained mutation: You are robust. (+10% HP) [demonic
                  | ancestry]
    66 | D        | Reached XP level 23. HP: 212/240 MP: 24/54
    75 | D        | Reached XP level 24. HP: 191/249 MP: 27/54
    88 | D        | Gained mutation: You are very robust. (+20% HP) [demonic
                  | ancestry]
    88 | D        | Reached XP level 25. HP: 249/280 MP: 30/54
    94 | D        | Noticed a destroyer
   101 | D        | Killed a destroyer
   103 | D        | Gained mutation: You are completely attuned to the shadows.
                  | [demonic ancestry]
   103 | D        | Reached XP level 26. HP: 273/290 MP: 35/54
   114 | D        | Gained mutation: You are extremely robust. (+30% HP)
                  | [demonic ancestry]
   114 | D        | Reached XP level 27. HP: 290/323 MP: 38/54
   169 | D        | Noticed The Meatlord
   207 | D        | HP: 15/323 [Tzitzimitl/bolt of negative energy[The
                  | Meatlord] (48)]
   208 | D        | Killed The Meatlord
   209 | D        | Got the Orb of Zot
   213 | D        | Noticed a large bag of meat
   214 | D        | Noticed a large bag of meat
   216 | D        | Killed a large bag of meat
   217 | D        | Killed a large bag of meat
   254 | D        | Upgraded the game from 0.23.0 to 0.23.0-2-g0fe3ce5
   347 | D        | Noticed a destroyer
   352 | D        | Killed a destroyer
   390 | D        | Escaped with the Orb!

Skill      XL: |  1  2  3  4  5  6  7  8  9 10 11 12 13 14 15 16 17 18 19 20 21 22 23 24 25 26 27 |
---------------+----------------------------------------------------------------------------------+-----
Fighting       | 14 16 18 19 21 23 25 27 | 27.0
Axes           | 13 15 17 18 19 22 23 26 27 | 27.0
Throwing       | 13 15 16 18 19 21 23 26 27 | 27.0
Dodging        | 13 15 17 18 19 22 23 26 27 | 27.0
Armour         | 10 17 20 24 27 | 27.0
Stealth        | 11 18 22 26 27 | 27.0
Unarmed Combat | 10 17 20 24 27 | 27.0
Spellcasting   | 10 17 20 24 27 | 27.0
Invocations    | 14 22 27 | 27.0
Short Blades   | 23 | 23.6
Long Blades    | 23 | 23.5
Maces & Flails | 23 | 23.6
Polearms       | 23 | 23.5
Staves         | 23 | 23.6
Slings         | 23 | 23.7
Bows           | 23 | 23.5
Crossbows      | 23 | 23.6
Shields        | 23 | 23.6
Conjurations   | 25 | 25.2
Hexes          | 25 | 25.3
Charms         | 23 | 23.5
Summonings     | 25 | 25.2
Necromancy     | 26 | 26.9
Translocations | 23 | 23.6
Transmutations | 23 | 23.5
Fire Magic     | 23 | 23.7
Ice Magic      | 23 | 23.6
Air Magic      | 23 | 23.5
Earth Magic    | 23 | 23.5
Poison Magic   | 25 | 25.2
Evocations     | 25 | 25.4

Action                   |  1- 3 |  4- 6 |  7- 9 | 10-12 | 13-15 | 16-18 | 19-21 | 22-24 | 25-27 || total
-------------------------+-------+-------+-------+-------+-------+-------+-------+-------+-------++-------
Melee: Executioner's axe |     1 |       |       |     2 |     5 |     4 |    10 |    17 |    68 ||   107
  Use: Potion            |       |       |       |       |       |       |       |       |     1 ||     1
 Stab: Distracted        |       |       |       |       |       |       |       |       |     4 ||     4
Armor: Leather armour    |       |       |       |       |       |       |       |       |     1 ||     1
Dodge: Dodged            |       |       |       |       |     2 |       |     1 |       |    14 ||    17
